 Dungeon Crawl Stone Soup version 0.28-a0-987-g8383568036 (webtiles) character file.

Game seed: 18246566349170893514

213 GregHouse the Chopper (level 5, 0/47 HPs)
             Began as a Hill Orc Monk on Dec 4, 2021.
             Slain by a hobgoblin (4 damage)
             ... on level 5 of the Dungeon.
             The game lasted 00:12:56 (3926 turns).

GregHouse the Chopper (Hill Orc Monk)               Turns: 3926, Time: 00:12:57

Health: 0/47       AC:  6    Str: 16    XL:     5   Next: 90%
Magic:  5/5        EV: 10    Int: 10    God:
Gold:   56         SH:  0    Dex: 13    Spells: 4/4 levels left

rFire   . . .      SeeInvis .   m - +1 trident (protect)
rCold   . . .      Faith    .   (no shield)
rNeg    . . .      Spirit   .   l - +0 scale mail
rPois   +          Reflect  .   (no helmet)
rElec   .          Harm     .   (no cloak)
rCorr   .          Rampage  .   (no gloves)
Will    .....                   (no boots)
Stlth   ..........              (no amulet)
HPRegen 0.15/turn               f - ring of poison resistance
MPRegen 0.09/turn               (no ring)

@: no status effects
A: no striking features
a: no special abilities


You were on level 5 of the Dungeon.
You visited 1 branch of the dungeon, and saw 5 of its levels.

You collected 168 gold pieces.
You spent 112 gold pieces at shops.

Inventory:

Hand Weapons
 m - a +1 trident of protection (weapon)
Missiles
 a - 2 javelins
 c - 64 stones (quivered)
Armour
 l - a +0 scale mail (worn)
Jewellery
 f - a ring of poison resistance (left hand)
 k - a ring of fire
Scrolls
 e - a scroll of torment {unknown}
 h - a scroll of teleportation {unknown}
 i - 2 scrolls of identify {unknown}
 j - a scroll of fear {unknown}
Potions
 d - a potion of invisibility {unknown}
 g - 5 potions of curing


   Skills:
 + Level 4.5 Fighting
 + Level 5.6(5.9) Axes
 + Level 2.0(3.5) Polearms
 + Level 2.3 Armour
 + Level 3.1 Dodging
 + Level 1.8 Stealth


You had 4 spell levels left.
You didn't know any spells.
Your spell library contained the following spells:

 Spells                   Type           Power      Damage    Failure   Level
 Magic Dart               Conj           0%         1d3       80%         1
 Call Imp                 Summ           0%         N/A       90%         2
 Mephitic Cloud           Conj/Pois/Air  0%         N/A       99%         3
 Olgreb's Toxic Radiance  Pois           0%         N/A       100%        4
 Ozocubu's Refrigeration  Ice            0%         4d5       100%        7
 Ignition                 Fire           0%         3d3       100%        8


Dungeon Overview and Level Annotations

Branches:
Dungeon (5/15)
 Temple: D:4-7

Altars:
Nemelex Xobeh

Shops:
D:1 *   D:3 *

Annotations:
D:3 exclusion: downstairs
D:4 Grinder


Message History

The goblin hits you but does no damage. The iguana bites you!
The hobgoblin barely misses you.
You puncture the iguana!
The iguana is severely wounded.
The iguana bites you but does no damage.
The goblin hits you but does no damage.
The hobgoblin hits you with a +2 short sword of flaming.
The hobgoblin burns you. The iguana bites you! The goblin barely misses you.
You hit the iguana.
The iguana is severely wounded.
The hobgoblin barely misses you. The goblin barely misses you.
The iguana barely misses you.
You barely miss the iguana.
The iguana is severely wounded.
The hobgoblin hits you with a +2 short sword of flaming.
The hobgoblin burns you. The goblin barely misses you.
The iguana barely misses you.
You hit the iguana.
You kill the iguana!
The hobgoblin hits you with a +2 short sword of flaming.
The hobgoblin burns you. The goblin hits you but does no damage.
Your base Polearms skill increases to level 2!
You barely miss the goblin.
The hobgoblin hits you with a +2 short sword of flaming.
* * * LOW HITPOINT WARNING * * *
The hobgoblin burns you.
* * * LOW HITPOINT WARNING * * *
The goblin hits you but does no damage.
You closely miss the goblin.
The hobgoblin hits you but does no damage.
The goblin barely misses you.
You closely miss the goblin.
The hobgoblin hits you but does no damage.
The goblin barely misses you.
The hobgoblin hits you but does no damage.
You closely miss the goblin. The goblin closely misses you.
The hobgoblin hits you with a +2 short sword of flaming!
* * * LOW HITPOINT WARNING * * *
The hobgoblin burns you.
You die...

.....≈.....≈.≈.
≈.≈≈≈..≈.≈≈≈≈≈≈
≈P≈≈≈≈≈≈≈≈≈P≈≈≈
≈≈≈≈≈≈≈≈≈≈≈≈≈≈≈
≈≈≈≈≈≈≈≈≈≈≈≈≈≈P
≈≈≈≈≈≈P.≈≈≈≈.≈.
≈≈≈.P≈..g..(...
.≈.....@g..+
...........#
...............
#..............
.(.............
##...#####.....
#... ...[. ....
.....


You could see a hobgoblin and a goblin.

Vanquished Creatures
  A centaur (D:4)
  3 iguanas
  An orc (D:3)
  6 ball pythons
  3 bats
  7 endoplasms
  5 giant cockroaches
  6 goblins
  4 hobgoblins
  3 quokkas
  5 frilled lizards
  4 kobolds
  4 rats
52 creatures vanquished.

Notes
Turn   | Place    | Note
-------+----------+-------------------------------------------
     0 | D:1      | GregHouse the Hill Orc Monk began the quest for the Orb.
     0 | D:1      | Reached XP level 1. HP: 19/19 MP: 1/1
   418 | D:1      | Reached XP level 2. HP: 26/27 MP: 2/2
  1089 | D:1      | Found Nudd's Assorted Antiques.
  1110 | D:1      | Reached XP level 3. HP: 30/33 MP: 3/3
  1738 | D:2      | Found a faded altar of an unknown god.
  2180 | D:3      | Reached skill level 5 in Axes
  2191 | D:3      | Found Xugexa's General Store.
  2832 | D:3      | Found a sparkling altar of Nemelex Xobeh.
  3110 | D:3      | Bought a +1 trident of protection for 112 gold pieces
  3148 | D:4      | Noticed a black bear
  3245 | D:4      | Noticed Grinder
  3249 | D:4      | Paralysed by Grinder for 4 turns
  3523 | D:4      | Reached skill level 1 in Armour
  3523 | D:4      | Reached XP level 4. HP: 40/40 MP: 4/4
  3567 | D:5      | Entered Level 5 of the Dungeon
  3743 | D:4      | Noticed a centaur
  3753 | D:4      | Killed a centaur
  3754 | D:4      | Reached skill level 1 in Polearms
  3754 | D:4      | Reached XP level 5. HP: 27/47 MP: 5/5
  3926 | D:5      | Slain by a hobgoblin

Illustrated notes

Levels and vault maps discovered:
D:1:      sevenhm_arrival_forest_fort_small_4, layout_basic, serial_shops, shop,
          minmay_strange_pillars
D:2:      layout_basic, ebering_ecumenical_altar_mist
D:3:      layout_basic, mainiacjoe_overflow_small_starburst, serial_shops, shop
D:4:      layout_gridville, overflow_temple_1_default,
          mainiacjoe_overflow_catwalk, st_stairs_9, uniq_pikel, uniq_grinder,
          uniq_robin
D:5:      layout_basic, slow_altar_2, minmay_misc_feat_room, chequers_big_river,
          grunt_ministairs_2, uniq_sigmund

Skill      XL: |  1  2  3  4  5 |
---------------+----------------+-----
Fighting       | 4 |  4.5
Axes           | 5 |  5.6
Armour         | 1 2 |  2.3
Polearms       | 1 2 |  2.0
Dodging        | 3 |  3.1
Stealth        | |  1.8

Action                   |  1- 3 |  4- 6 || total
-------------------------+-------+-------++-------
Melee: Hand axe          |   140 |       ||   140
       Trident           |     9 |    44 ||    53
  Use: Potion            |       |     2 ||     2
 Stab: Sleeping          |     1 |       ||     1
Armor: Robe              |    18 |       ||    18
       Ring mail         |     7 |       ||     7
       Scale mail        |    24 |    43 ||    67
Dodge: Dodged            |    95 |    43 ||   138

Table legend: (Time is in decaauts)
 A = Elapsed time spent in this place.
 B = Non-inter-level travel time spent in this place.
 C = Inter-level travel time spent in this place.
 D = Time resting spent in this place.
 E = Time spent auto-exploring this place.
 F = Levels seen in this place.
 G = Mean time per level.
                   A        B        C        D        E       F      G
               +--------+--------+--------+--------+--------+-----+--------+
         Total |   3963 |   3701 |    262 |    750 |   1751 |   5 |  792.6 |
       Dungeon |   3963 |   3701 |    262 |    750 |   1751 |   5 |  792.6 |
               +--------+--------+--------+--------+--------+-----+--------+

Top non-repeatable levels by time:
     D:3: 1463 daAuts
     D:1: 1340 daAuts
     D:2: 635 daAuts
     D:4: 508 daAuts
     D:5: 14 daAuts
